 Dungeon Crawl Stone Soup version 0.17-a0-1793-gcbb3aa1 (webtiles) character file.

168 Rationalist the Shield-Bearer (level 5, -4/42 HPs)
             Began as a Formicid Fighter on Sept 10, 2015.
             Slain by an ogre
             ... wielding a +0 giant spiked club
              (6 damage)
             ... on level 4 of the Dungeon.
             The game lasted 00:03:51 (2376 turns).

Rationalist the Shield-Bearer (Formicid Fighter)    Turns: 2376, Time: 00:03:51

Health: -4/42      AC: 12    Str: 23    XL:     5   Next: 78%
Magic:  5/5        EV: 11    Int:  8    God:
Gold:   129        SH: 10    Dex: 11    Spells: 0 memorised, 4 levels left

rFire  . . .     SeeInvis +     a - +0 war axe
rCold  + . .     Clarity  .     A - +0 ring mail {rC+}
rNeg   . . .     SustAt   .     c - +0 shield
rPois  .         Gourm    .     (helmet unavailable)
rElec  .         Spirit   .     (no cloak)
rCorr  .         Warding  .     i - +1 pair of gloves {Str+3}
rMut   .         Stasis   +     (no boots)
MR     .....                    l - amulet of regeneration
Stlth  +.........               x - +2 ring of evasion
                                p - +4 ring of protection

@: not resistant to hostile enchantments, very unstealthy
A: permanent stasis, dig shafts and tunnels, four strong arms, antennae 3
a: Dig, Shaft Self


You were on level 4 of the Dungeon.
You were not hungry.

You visited 1 branch of the dungeon, and saw 4 of its levels.

You collected 129 gold pieces.

Inventory:

Hand weapons
 a - a +0 war axe (weapon)
Missiles
 o - 43 bolts
 r - 25 poisoned needles
Armour
 c - a +0 shield (worn)
 i - a +1 pair of gloves of strength (worn)
 A - a +0 ring mail of cold resistance (worn)
Jewellery
 l - an amulet of regeneration (around neck)
 p - a +4 ring of protection (left hand)
 x - a +2 ring of evasion (right hand)
 E - a cursed ring of teleportation {unknown}
Magical devices
 s - a wand of confusion (33)
 B - a wand of slowing (29)
Scrolls
 f - 6 scrolls of identify {unknown}
 g - a scroll of amnesia {unknown}
 j - a scroll of blinking {unknown}
 n - a scroll of fear {unknown}
 q - 4 scrolls of remove curse {unknown}
 y - 2 scrolls of fog {unknown}
 C - a scroll of teleportation {unknown}
Potions
 d - a potion of might
 m - a potion of heal wounds {unknown}
 u - a potion of curing {unknown}
 v - a potion of lignification {unknown}
 w - a potion of invisibility {unknown}
 z - a potion of brilliance {unknown}
 D - a potion of agility {unknown}
 F - 2 potions of haste
Comestibles
 b - a chunk of flesh
 e - 3 bread rations
 h - 2 slices of pizza
 k - 4 meat rations
 t - a beef jerky


   Skills:
 + Level 4.2 Fighting
 + Level 2.8 Axes
 + Level 4.3 Armour
 + Level 1.2 Dodging
 + Level 4.6 Shields


You had 4 spell levels left.
You didn't know any spells.

Dungeon Overview and Level Annotations

Branches:
Dungeon (4/15)
 Temple: D:4-7

Altars:
Cheibriados
Nemelex Xobeh
Sif Muna


Innate Abilities, Weirdness & Mutations

You are under a permanent stasis effect.
You can dig through walls and to a lower floor.
Your four strong arms can wield two-handed weapons with a shield.
You have a pair of large antennae on your head (SInv).


Message History

You slash the ogre!
The ogre is moderately wounded.
The ogre completely misses you.
You slash the ogre!
The ogre is heavily wounded.
The ogre hits you with a giant spiked club!!
Ouch! That really hurt!
You barely miss the ogre.
The ogre is heavily wounded.
The ogre barely misses you.
You slash the ogre!
The ogre is severely wounded.
The ogre hits you with a giant spiked club!!
* * * LOW HITPOINT WARNING * * *
Drink which item? (? for menu, Esc to quit)
It was a potion of haste.
This potion cannot work under stasis.
You hit the ogre.
The ogre is almost dead.
The ogre hits you with a giant spiked club.
You die...

#######
......##################
###..........#..@O....$. #
#.#.######.#.#########
###.#.######.#.# #####
...............#......
###.#.#..........# #
#.#.#.####.#####
#.#.#.####.#
###.#.#.##.#.#############
.........................#


You could see an ogre.

Vanquished Creatures
  An orc wizard (D:3)
  A worker ant (D:4)
  A gnoll (D:4)
  4 adders
  3 worms (D:2)
  2 giant geckos
  6 orcs
  3 bats
  2 giant cockroaches (D:2)
  6 goblins
  6 hobgoblins
  9 kobolds
  A quokka (D:2)
  A giant newt (D:2)
  7 rats
53 creatures vanquished.

Vanquished Creatures (others)
  A minotaur (D:1)
  An octopode (D:1)
  2 gargoyles (D:1)
  An elf (D:1)
  A vine stalker (D:1)
  A formicid (D:1)
  2 humans (D:1)
  A naga (D:1)
  A dwarf (D:1)
  2 ogres (D:1)
  An orc (D:1)
  A kobold (D:1)
  4 tentacles (D:1)
  28 tentacle segments (D:1)
47 creatures vanquished.

Grand Total: 100 creatures vanquished

Notes
Turn   | Place    | Note
--------------------------------------------------------------
     0 | D:1      | Rationalist the Formicid Fighter began the quest for the Orb.
     0 | D:1      | Reached XP level 1. HP: 18/18 MP: 1/1
     2 | D:1      | Noticed a minotaur
     2 | D:1      | Noticed a naga
     2 | D:1      | Noticed a vine stalker
     2 | D:1      | Noticed an octopode
     2 | D:1      | Noticed a formicid
     2 | D:1      | Noticed an elf
     2 | D:1      | Noticed an ogre
     2 | D:1      | Noticed a human
     2 | D:1      | Noticed a kraken
     2 | D:1      | Noticed a gargoyle
     2 | D:1      | Noticed a human
     2 | D:1      | Noticed a gargoyle
     2 | D:1      | Noticed an ogre
     2 | D:1      | Noticed a dwarf
     5 | D:1      | Killed an ogre
     8 | D:1      | Killed a formicid
    11 | D:1      | Killed a minotaur
    16 | D:1      | Killed a gargoyle
    17 | D:1      | Killed a gargoyle
    18 | D:1      | Killed an ogre
    18 | D:1      | Killed an elf
    18 | D:1      | Killed a dwarf
    19 | D:1      | Killed a human
    19 | D:1      | Killed a human
    20 | D:1      | Killed an octopode
    21 | D:1      | Killed a vine stalker
    23 | D:1      | Killed a naga
   322 | D:1      | Reached XP level 2. HP: 24/24 MP: 2/2
   617 | D:2      | Reached XP level 3. HP: 22/30 MP: 3/3
   646 | D:2      | Reached skill level 4 in Shields
   688 | D:2      | Reached XP level 4. HP: 34/37 MP: 4/4
  1227 | D:3      | Found a deep blue altar of Sif Muna.
  1243 | D:3      | Found a faded altar to an unknown god.
  1290 | D:3      | Reached skill level 1 in Dodging
  1290 | D:3      | Reached XP level 5. HP: 42/42 MP: 5/5
  1617 | D:3      | Found a sparkling altar of Nemelex Xobeh.
  2148 | D:4      | Found a snail-covered altar of Cheibriados.
  2368 | D:4      | Noticed an ogre
  2375 | D:4      | HP: 1/42 [ogre/giant spiked club (20)]
  2376 | D:4      | Slain by an ogre

Vault maps used:
D:1:      nicolae_arrival_kraken_aquarium_b, minmay_misc_feat_rows,
          minmay_misc_feat_tiny, minmay_fountain_box
D:2:      first_bread, minmay_misc_feat_encased
D:3:      nemelex_deck, led_sif_book, ecumenical_altar_1
D:4:      cheibriados_altar_wand_db, serial_shops, nicolae_shop_stone,
          corexii_item_surrounded_by_moat

Action                   |  1- 3 |  4- 6 || total
-------------------------+-------+-------++-------
Melee: War axe           |    67 |    98 ||   165
 Abil: Dig               |       |     1 ||     1
  Eat: Chunk             |       |     5 ||     5
